 Dungeon Crawl Stone Soup version 0.24-a0-439-g6dd8730de2 (webtiles) character file.

Game seed: 10722026820218504216

102 emperorscorpion the Chopper (level 5, -1/42 HPs)
             Began as a Human Berserker on June 18, 2019.
             Was a Follower of Trog.
             Slain by Crazy Yiuf
             ... wielding a +4 quarterstaff of chaos
              (6 damage)
             ... on level 4 of the Dungeon.
             The game lasted 00:02:46 (268 turns).

emperorscorpion the Chopper (Human Berserker)        Turns: 268, Time: 00:02:47

Health: -1/42      AC:  2    Str: 18    XL:     5   Next: 5%
Magic:  0/5        EV: 13    Int:  8    God:    Trog [*.....]
Gold:   49         SH:  0    Dex: 12    Spells: 4/4 levels left

rFire    . . .     SeeInvis .   b - +0 shortbow
rCold    . . .     Gourm    .   (shield currently unavailable)
rNeg     . . .     Faith    .   e - +0 animal skin
rPois    .         Spirit   +   (no helmet)
rElec    .         Reflect  .   (no cloak)
rCorr    .         Harm     .   (no gloves)
MR       .....                  (no boots)
Stlth    +.........             g - amulet of guardian spirit
HPRegen  0.14/turn              (no ring)
MPRegen  0.09/turn              (no ring)

@: berserk cooldown, very slightly contaminated, slowed, studying Armour, very
slow
A: no striking features
a: Berserk, Renounce Religion


You were on level 4 of the Dungeon.
You worshipped Trog.
Trog was aware of your devotion.
You were hungry.

You visited 1 branch of the dungeon, and saw 4 of its levels.

You collected 49 gold pieces.

Inventory:

Hand Weapons
 a - a +0 hand axe
 b - a +0 shortbow (weapon)
Missiles
 i - 21 arrows (quivered)
Armour
 e - a +0 animal skin (worn)
Jewellery
 g - an amulet of guardian spirit (around neck)
Scrolls
 f - a scroll of teleportation
 j - a scroll of remove curse {unknown}
Books
 k - a manual of Armour
Comestibles
 c - 2 rations
 h - 4 chunks of flesh


   Skills:
 + Level 3.9 Fighting
 + Level 4.1 Axes
 + Level 2.1 Armour
 + Level 2.7 Dodging
 + Level 0.1 Stealth


You had 4 spell levels left.
You didn't know any spells.
Your spell library was empty.

Dungeon Overview and Level Annotations

Branches:
Dungeon (4/15)
 Temple: D:4-7

Altars:

Annotations:
D:4 Crazy Yiuf


Message History

You aren't carrying any potions.
You aren't carrying any potions.
Blink to where?
Press: ? - help, Dir - move target cursor You are very lightly contaminated with residual magic.
As you read the scroll labeled REMYMUDECU, it crumbles to dust.
It was a scroll of blinking.
As you read the scroll labeled XAUCWA DESHAO, it crumbles to dust.
You feel strangely unstable.
It was a scroll of teleportation.
Your surroundings suddenly seem different.
b - a +0 shortbow (weapon)
You see here a centaur skeleton.
Crazy Yiuf hits you with a +4 quarterstaff of chaos!
* * * LOW HITPOINT WARNING * * *
Crazy Yiuf burns you.
* * * LOW HITPOINT WARNING * * *
Things that are here:
an arrow; an adder corpse Crazy Yiuf hits you with a +4 quarterstaff of chaos!
You die...

#..# ##.## #..# #.#
#..# #.# #..###
#.######### #....##
#.#.......#
#..#..####...#####.#
................(#.#
.############.รท#g#.#
.#####.######..#@#.#
.......)........##.#
...........#....+..#
...#######.#....####
...# #.#..^.... ...#
#.##..[### ...#
#..+...+ ...#
####...# ...# )..#


You could see Crazy Yiuf.

Vanquished Creatures
  A centaur (D:4)
  An adder (D:4)
  2 leopard geckos (D:3)
  An orc (D:4)
  A bat (D:3)
  2 hobgoblins
  3 jackals (D:3)
  2 rats (D:3)
13 creatures vanquished.

Notes
Turn   | Place    | Note
-------+----------+-------------------------------------------
     0 | D:1      | emperorscorpion the Human Berserker began the quest for the
                  | Orb.
     0 | D:1      | Reached XP level 1. HP: 18/18 MP: 1/1
   102 | D:3      | Reached XP level 2. HP: 24/24 MP: 2/2
   173 | D:4      | Noticed a centaur
   186 | D:4      | Reached XP level 3. HP: 20/29 MP: 0/3
   187 | D:4      | Killed a centaur
   187 | D:4      | Reached skill level 4 in Axes
   187 | D:4      | Reached XP level 4. HP: 26/37 MP: 0/4
   187 | D:4      | Reached XP level 5. HP: 30/42 MP: 0/5
   241 | D:4      | Found a runed translucent door.
   242 | D:4      | Noticed Crazy Yiuf
   268 | D:4      | Slain by Crazy Yiuf

Levels and vault maps discovered:
D:1:      tarquinn_simple_flora_water_b, layout_basic
D:2:      layout_basic, chequers_ecumenical_altar_grove
D:3:      layout_basic, lemuel_round_altar
D:4:      layout_basic, first_ration, minmay_manual_monolith,
          uniq_crazy_yiuf_cottage

Skill      XL: |  1  2  3 |
---------------+----------+-----
Axes           | 4 |  4.1
Fighting       | |  3.9
Armour         | |  2.1
Dodging        | |  2.7
Stealth        | |  0.1

Action                   |  1- 3 |  4- 6 || total
-------------------------+-------+-------++-------
Melee: Hand axe          |    23 |     4 ||    27
 Fire: Shortbow          |       |     2 ||     2
Invok: Berserk           |     2 |     1 ||     3
  Use: Potion            |     1 |       ||     1
       Scroll            |       |     2 ||     2
Armor: Animal skin       |     1 |       ||     1
Dodge: Dodged            |    21 |     1 ||    22

Table legend:
 A = Non-vault XP
 B = Vault XP
 C = Vault XP percentage of total XP
 D = Non-vault monster count
 E = Vault monster count
 F = Vault count percentage of total count
                 A         B        C        D         E       F
            +---------+---------+-------+---------+---------+-------
      Total |      33 |     113 |  77.4 |      11 |       2 |  15.4
            +---------+---------+-------+---------+---------+-------
        D:3 |      18 |       0 |   0.0 |       9 |       0 |   0.0
        D:4 |      15 |     113 |  88.3 |       2 |       2 |  50.0
            +---------+---------+-------+---------+---------+-------
